 Dungeon Crawl Stone Soup version 0.18-a0-1405-g73f4075 (webtiles) character file.

1057 gorblad the Nimble (level 8, -1/71 HPs)
             Began as a Centaur Fighter on Feb 25, 2016.
             Slain by Natasha (3 damage)
             ... on level 2 of the Dungeon.
             The game lasted 00:03:45 (1528 turns).

gorblad the Nimble (Centaur Fighter)                Turns: 1528, Time: 00:03:45

Health: -1/71      AC:  6    Str: 21    XL:     8   Next: 6%
Magic:  8/8        EV: 10    Int:  7    God:
Gold:   29         SH: 10    Dex:  9    Spells: 0 memorised, 7 levels left

rFire  . . .     SeeInvis .     a - +0 war axe
rCold  . . .     Gourm    .     b - +0 scale mail
rNeg   . . .     Faith    .     c - +0 shield
rPois  .         Spirit   .     (no helmet)
rElec  .         Dismiss  .     (no cloak)
rCorr  .         Reflect  .     (no gloves)
SustAt .         Harm     .     (no barding)
MR     .....                    (no amulet)
Stlth  ..........               (no ring)
                                (no ring)

@: very quick, not resistant to hostile enchantments, extremely unstealthy
A: hooves 3, deformed body, speed 2, tough skin 3
a: no special abilities


You were on level 2 of the Dungeon.
You were hungry.

You visited 1 branch of the dungeon, and saw 2 of its levels.

You collected 29 gold pieces.

Inventory:

Hand Weapons
 a - a +0 war axe (weapon)
 l - a +0 scythe
Armour
 b - a +0 scale mail (worn)
 c - a +0 shield (worn)
Jewellery
 j - an uncursed ring of ice {unknown}
Scrolls
 d - a scroll of teleportation
 k - a scroll of remove curse
 m - a scroll of identify {unknown}
Potions
 e - a potion of haste {unknown}
Comestibles
 f - a bread ration
 g - 2 beef jerkies
 i - a slice of pizza


   Skills:
 + Level 6.8 Fighting
 - Level 1.7 Axes
 - Level 2.1 Armour
 - Level 9.6 Dodging
 - Level 7.5 Shields


You had 7 spell levels left.
You didn't know any spells.

Dungeon Overview and Level Annotations

Branches:
Dungeon (2/15)

Altars:
Gozag
Nemelex Xobeh
Zin

Annotations:
D:2 Natasha


Innate Abilities, Weirdness & Mutations

You have hooves in place of feet.
Armour fits poorly on your strangely shaped body.
You cover ground very quickly.
You have extremely tough skin (AC +3).


Message History

Natasha is lightly wounded.
You block Natasha's attack.
Natasha zaps a wand.
The puff of flame hits you!
* * * LOW HITPOINT WARNING * * *
The crimson imp hits you.
* * * LOW HITPOINT WARNING * * *
Drink which item? (? for menu, Esc to quit)
It was a potion of experience.
You feel more experienced!
Your Dodging skill gained 9 levels and is now at level 9!
You have reached level 7!
Natasha claws you.
* * * LOW HITPOINT WARNING * * *
The crimson imp closely misses you.
Drink which item? (? for menu, Esc to quit)
You feel more experienced!
Your Shields skill gained 5 levels and is now at level 7!
You have reached level 8!
You feel stronger. Natasha claws you.
You die...

#.# #.# #.## ####.. #...
#....######## #.# ....
#...........# ... ...#
#...#####...# #.# .... ##†##
#.#.# #.###.. . #.# #@###
#.##..### #.# #.h5..# #.##..#..
####.###..58!..# #.##..#..
#.....#.........# #.##.####
#.###.#.⌠._._.⌠.####.#...#..
######.# .#.........#........#..
.......###.##...8...##.##...##.##
.#####...(.###.....##..##...##.#
.#........## #...##....#.#


You could see an iron imp, Natasha and a crimson imp.

Vanquished Creatures
  Sigmund (D:2)
  Ijyb (D:2)
  5 gnolls
  An adder (D:2)
  A ball python (D:1)
  4 giant cockroaches
  4 goblins
  8 hobgoblins
  2 jackals (D:2)
  7 bats
  3 giant newts (D:1)
  3 kobolds
  4 rats (D:1)
44 creatures vanquished.

Notes
Turn   | Place    | Note
--------------------------------------------------------------
     0 | D:1      | gorblad the Centaur Fighter began the quest for the Orb.
     0 | D:1      | Reached XP level 1. HP: 19/19 MP: 1/1
   315 | D:1      | Reached XP level 2. HP: 26/26 MP: 2/2
   560 | D:1      | Reached XP level 3. HP: 25/33 MP: 3/3
  1088 | D:2      | Noticed Sigmund
  1098 | D:2      | Killed Sigmund
  1098 | D:2      | Reached XP level 4. HP: 16/44 MP: 4/4
  1098 | D:2      | Reached XP level 5. HP: 18/50 MP: 5/5
  1345 | D:2      | Noticed Ijyb
  1354 | D:2      | Killed Ijyb
  1385 | D:2      | Reached XP level 6. HP: 58/58 MP: 6/6
  1468 | D:2      | Found a glowing silver altar of Zin.
  1516 | D:2      | Found an opulent altar of Gozag.
  1516 | D:2      | Found a sparkling altar of Nemelex Xobeh.
  1517 | D:2      | Noticed Natasha
  1527 | D:2      | Reached skill level 9 in Dodging
  1527 | D:2      | Reached XP level 7. HP: 6/64 MP: 7/7
  1527 | D:2      | HP: 2/64 [Natasha (4)]
  1528 | D:2      | Reached XP level 8. HP: 2/71 MP: 8/8
  1528 | D:2      | Slain by Natasha

Vault maps used:
D:1:      sevenhm_arrival_forest_fort_large_1, grunt_decor_mini_mirrors,
          minmay_bisected
D:2:      grunt_temple_overflow_opulence, hangedman_ru_absence, zin_statuary,
          gammafunk_temple_overflow_forgotten, first_bread, kennysheep_nub,
          uniq_natasha, uniq_iyjb, uniq_sigmund

Skill      XL: |  1  2  3  4  5  6  7 |
---------------+----------------------+-----
Fighting       | 4 6 |  6.8
Dodging        | 9 |  9.6
Shields        | 7 |  7.5
Axes           | |  1.7
Armour         | |  2.1

Action                   |  1- 3 |  4- 6 |  7- 9 || total
-------------------------+-------+-------+-------++-------
Melee: War axe           |    98 |    55 |       ||   153
  Use: Scroll            |     2 |       |       ||     2
       Potion            |     1 |     1 |     1 ||     3
  Eat: Chunk             |       |     1 |       ||     1
